 Dungeon Sprint DCSS version 0.26.1-2-gb8aa6d0cf2 (webtiles) character file.

Game seed: 16290918992127957124

13639 Groucho the Imperceptible (level 11, -10/60 HPs)
             Began as a Spriggan Enchanter on Feb 27, 2021.
             Was the Champion of Kikubaaqudgha.
             Mangled by an azure jelly (30 damage)
             ... in the Dungeon (Sprint III: "The Ten Rune Challenge").
             The game lasted 00:12:17 (3978 turns).

Groucho the Imperceptible (Spriggan Enchanter)      Turns: 3978, Time: 00:12:17

Health: -10/60     AC:  4    Str:  7    XL:     11   Next: 78%
Magic:  27/31      EV: 32    Int: 18    God:    Kikubaaqudgha [******]
Gold:   89         SH:  0    Dex: 18    Spells: 20/40 levels left

rFire    + . .     SeeInvis +   a - +1 dagger
rCold    . . .     Faith    .   (shield restricted)
rNeg     . . .     Spirit   .   b - +0 robe
rPois    .         Reflect  .   q - +2 hat
rElec    .         Harm     .   (no cloak)
rCorr    .         Rampage  .   (gloves unavailable)
Will     +....     NoTele   +   (boots unavailable)
Stlth    ++++++++..             (no amulet)
HPRegen  0.20/turn              (no ring)
MPRegen  0.22/turn              (no ring)

@: very quick
A: very small, unfitting armour, see invisible, agile 1, fire resistance 1,
speed 3
a: Renounce Religion, Receive Corpses, Torment, Brand Weapon With Pain, Receive
Necronomicon


You were in the Dungeon.
You worshipped Kikubaaqudgha.
Kikubaaqudgha was exalted by your worship.
You visited 1 branch You collected 89 gold pieces.

Inventory:

Hand Weapons
 a - a +1 dagger (weapon)
 n - a +0 dagger of speed
Armour
 b - a +0 robe (worn)
 q - a +2 hat (worn)
Scrolls
 c - 2 scrolls of immolation {unknown}
 f - 4 scrolls of identify
 h - a scroll of fog {unknown}
 i - a scroll of blinking
 k - a scroll of random uselessness {unknown}
Potions
 d - a potion of curing
 g - a potion of magic
 j - a potion of flight
 l - 2 potions of mutation
 m - 2 potions of might
 o - a potion of lignification {unknown}
 p - a potion of brilliance {unknown}


   Skills:
 * Level 8.4 Fighting
 - Level 10.0 Short Blades
 + Level 15.4 Dodging
 + Level 21.1 Stealth
 * Level 15.2 Spellcasting
 + Level 13.5 Hexes
 * Level 9.1 Necromancy


You had 20 spell levels left.
You knew the following spells:

 Your Spells              Type           Power        Failure   Level
a - Corona                Hex            64%          1%          1
b - Ensorcelled Hibernat  Hex/Ice        76%          1%          2
c - Confusing Touch       Hex            58%          1%          3
d - Dazzling Flash        Conj/Hex       76%          1%          3
e - Tukima's Dance        Hex            58%          1%          3
f - Dispel Undead         Necr           46%          1%          4
g - Animate Dead          Necr           23%          1%          4

Your spell library contained the following spells:

 Spells                   Type           Power        Failure   Level
 Animate Skeleton         Necr           92%          1%          1
 Pain                     Necr           100%         1%          1
 Sublimation of Blood     Necr           23%          1%          2
 Vampiric Draining        Necr           23%          1%          3
 Metabolic Englaciation   Hex/Ice        19%          9%          5
 Yara's Violent Unravell  Hex/Tmut       19%          9%          5
 Gell's Gravitas          Tloc           6%           14%         3
 Death Channel            Necr           23%          17%         6
 Borgnjor's Vile Clutch   Necr/Erth      15%          21%         5
 Petrify                  Tmut/Erth      13%          43%         4
 Simulacrum               Ice/Necr       15%          73%         6


Dungeon Overview and Level Annotations

Branches:
Dungeon (1/1)

Altars:
Cheibriados
Dithmenos
Elyvilon
Fedhas
Gozag
Hepliaklqana
Kikubaaqudgha
Makhleb
Nemelex Xobeh
Okawaru
Qazlal
Ru
Sif Muna
Trog
Uskayaw
Vehumet
Wu Jian
Xom
Yredelemnul
Zin
The Shining One
Beogh
Jiyva
Lugonu


Innate Abilities, Weirdness & Mutations

You are very small and have problems with some larger weapons.
You are too small for most types of armour.
You have supernaturally acute eyesight. (SInv)
You cover ground extremely quickly.
You are agile. (Dex +2)
Your flesh is heat resistant. (rF+)


Message History

Kikubaaqudgha accepts your kill.
Your Spellcasting skill increases to level 15!
Your Necromancy skill increases to level 9!
Unknown command.
Unknown command.
Unknown command.
The azure jelly quivers.
There is an open door here.
The azure jelly hits you! The azure jelly freezes you!
* * * LOW HITPOINT WARNING * * *
The azure jelly barely misses you.
The azure jelly completely misses you. x2
You feel much better.
The azure jelly completely misses you. x2
The azure jelly closely misses you. The azure jelly hits you.
Unknown command.
Unknown command.
The azure jelly completely misses you. The azure jelly hits you.
The azure jelly freezes you!!
Ouch! That really hurt!
You die...
Kikubaaqudgha rasps: "You have failed me!
Welcome... death!"

▓.PP#.≈§≈≈§≈≈≈≈'.÷.
▓..P#≈≈≈§§≈§≈≈♣♣♣♣♣
▓...#≈≈§§≈≈≈.≈♣
▓##'####'#######♣
▓...Z.......)...♣
▓#Z#############+
▓...# .Y.
▓J..+≈≈.FY
▓.@.#≈≈≈..
▓J..#≈≈≈≈P
#+########


You could see 2 azure jellies, 2 death yaks, a blink frog (asleep), a friendly
elephant skeleton and a friendly dire elephant skeleton.

Vanquished Creatures
  Rupert (D)
  Gastronok (D)
  2 azure jellies (D)
  2 dire elephants (D)
  Erolcha (D)
  A deep elf mage (D)
  2 elephants (D)
  2 cane toads (D)
  A rime drake (D)
  A komodo dragon (D)
  3 wandering mushrooms (D)
  5 blink frogs (D)
  A shadow (D)
  2 redbacks (D)
  A swamp drake (D)
  A necrophage (D)
  5 two-headed ogres (D)
  A water elemental (D)
  A jelly (D)
  A wizard (D)
  A necromancer (D)
  A kobold demonologist (D)
  3 humans (D)
  A wolf (D)
  An ooze (D)
  3 rats (D)
45 creatures vanquished.

Notes
Turn   | Place    | Note
-------+----------+-------------------------------------------
     0 | D        | Groucho the Spriggan Enchanter began the quest for the Orb.
     0 | D        | Reached XP level 1. HP: 9/9 MP: 5/5
     5 | D        | Reached skill level 5 in Stealth
    14 | D        | Reached skill level 7 in Stealth
    92 | D        | Reached skill level 10 in Stealth
    92 | D        | Reached XP level 2. HP: 13/13 MP: 6/6
   717 | D        | Learned a level 2 spell: Ensorcelled Hibernation
   726 | D        | Reached skill level 11 in Stealth
   726 | D        | Reached XP level 3. HP: 15/16 MP: 0/8
   946 | D        | Gained mutation: Your magical capacity is low. (-10% MP)
                  | [potion of mutation]
   946 | D        | Gained mutation: You possess an exceptional clarity of
                  | mind. [potion of mutation]
   947 | D        | Lost mutation: You possess an exceptional clarity of mind.
                  | [potion of mutation]
   947 | D        | Lost mutation: Your magical capacity is low. (-10% MP)
                  | [potion of mutation]
   947 | D        | Gained mutation: Your flesh is heat resistant. (rF+)
                  | [potion of mutation]
   947 | D        | Gained mutation: You are agile. (Dex +2) [potion of
                  | mutation]
  1050 | D        | Noticed a water elemental
  1052 | D        | Killed a water elemental
  1053 | D        | Reached skill level 13 in Stealth
  1053 | D        | Reached XP level 4. HP: 21/21 MP: 9/9
  1055 | D        | Found a radiant altar of Vehumet.
  1056 | D        | Found a shimmering blue altar of Sif Muna.
  1056 | D        | Found an ancient bone altar of Kikubaaqudgha.
  1056 | D        | Noticed a wizard
  1057 | D        | Killed a wizard
  1058 | D        | Reached skill level 14 in Stealth
  1060 | D        | Reached skill level 15 in Stealth
  1060 | D        | Reached XP level 5. HP: 24/24 MP: 10/10
  1065 | D        | Became a worshipper of Kikubaaqudgha
  1157 | D        | Found a glowing silver altar of Zin.
  1158 | D        | Found a glowing golden altar of the Shining One.
  1158 | D        | Found a white marble altar of Elyvilon.
  1158 | D        | Noticed a deep elf mage
  1181 | D        | Learned a level 3 spell: Confusing Touch
  1185 | D        | Learned a level 3 spell: Dazzling Flash
  1565 | D        | Killed a deep elf mage
  1566 | D        | Reached skill level 5 in Short Blades
  1566 | D        | Reached skill level 16 in Stealth
  1566 | D        | Reached XP level 6. HP: 28/28 MP: 8/16
  1566 | D        | Reached XP level 7. HP: 32/32 MP: 9/18
  1693 | D        | Found a roughly hewn altar of Beogh.
  1693 | D        | Noticed a human
  1702 | D        | Noticed a human
  1704 | D        | Found an ornate altar of the Wu Jian Council.
  1710 | D        | Killed a human
  1711 | D        | Reached skill level 17 in Stealth
  1716 | D        | Killed a human
  1716 | D        | Reached * piety under Kikubaaqudgha
  1716 | D        | Identified Kikubaaqudgha's Handbook of Sinister Magic
                  | (Kikubaaqudgha gifted it to you in the Dungeon)
  1716 | D        | Received a gift from Kikubaaqudgha
  1724 | D        | Found a hide-covered altar of Uskayaw.
  1724 | D        | Found an iron altar of Okawaru.
  1724 | D        | Found a bloodstained altar of Trog.
  1944 | D        | Learned a level 3 spell: Tukima's Dance
  1950 | D        | Found a shadowy altar of Dithmenos.
  1951 | D        | Found a basalt altar of Yredelemnul.
  1951 | D        | Found a sacrificial altar of Ru.
  1965 | D        | Noticed a shadow
  1967 | D        | Killed a shadow
  1968 | D        | Reached XP level 8. HP: 36/36 MP: 21/21
  1971 | D        | Reached ** piety under Kikubaaqudgha
  1973 | D        | Found a blossoming altar of Fedhas.
  1973 | D        | Found a stormy altar of Qazlal.
  1974 | D        | Found a snail-covered altar of Cheibriados.
  1974 | D        | Found a burning altar of Makhleb.
  1974 | D        | Found a hazy altar of Hepliaklqana.
  1974 | D        | Found a shimmering altar of Xom.
  1974 | D        | Found an opulent altar of Gozag.
  1974 | D        | Found a sparkling altar of Nemelex Xobeh.
  1974 | D        | Found a corrupted altar of Lugonu.
  1974 | D        | Found a viscous altar of Jiyva.
  2310 | D        | Reached skill level 10 in Dodging
  2461 | D        | Reached skill level 18 in Stealth
  2697 | D        | Noticed a two-headed ogre
  2700 | D        | Killed a two-headed ogre
  2700 | D        | Reached *** piety under Kikubaaqudgha
  2700 | D        | Identified Kikubaaqudgha's Reference Book on Black Arts
                  | (Kikubaaqudgha gifted it to you in the Dungeon)
  2700 | D        | Received a gift from Kikubaaqudgha
  2707 | D        | Learned a level 4 spell: Dispel Undead
  2710 | D        | Noticed a two-headed ogre
  2710 | D        | Noticed Erolcha
  2712 | D        | Killed Erolcha
  2713 | D        | Reached skill level 10 in Spellcasting
  2713 | D        | Reached skill level 10 in Hexes
  2713 | D        | Reached XP level 9. HP: 39/39 MP: 22/24
  2713 | D        | Killed a two-headed ogre
  2714 | D        | Reached skill level 19 in Stealth
  2910 | D        | Reached **** piety under Kikubaaqudgha
  3088 | D        | Noticed a wandering mushroom
  3093 | D        | Noticed a wandering mushroom
  3095 | D        | Noticed a wandering mushroom
  3104 | D        | Killed a wandering mushroom
  3105 | D        | Reached skill level 1 in Necromancy
  3111 | D        | Killed a wandering mushroom
  3112 | D        | Reached skill level 1 in Fighting
  3116 | D        | Killed a wandering mushroom
  3117 | D        | Reached skill level 10 in Short Blades
  3293 | D        | Noticed a cane toad
  3293 | D        | Noticed a komodo dragon
  3293 | D        | Noticed a cane toad
  3297 | D        | Killed a cane toad
  3298 | D        | Killed a cane toad
  3299 | D        | Reached XP level 10. HP: 49/49 MP: 26/26
  3301 | D        | Reached ***** piety under Kikubaaqudgha
  3347 | D        | Reached skill level 5 in Necromancy
  3596 | D        | Noticed Rupert
  3600 | D        | Killed Rupert
  3600 | D        | Reached ****** piety under Kikubaaqudgha
  3601 | D        | Reached skill level 20 in Stealth
  3601 | D        | Reached XP level 11. HP: 56/56 MP: 27/29
  3609 | D        | Noticed an azure jelly
  3609 | D        | Noticed an azure jelly
  3609 | D        | Noticed an azure jelly
  3609 | D        | Noticed an azure jelly
  3612 | D        | Noticed Gastronok
  3613 | D        | Noticed a dire elephant
  3613 | D        | Noticed a dire elephant
  3614 | D        | Killed Gastronok
  3630 | D        | Killed a dire elephant
  3650 | D        | Killed a dire elephant
  3667 | D        | Reached skill level 15 in Dodging
  3947 | D        | Learned a level 4 spell: Animate Dead
  3969 | D        | Killed an azure jelly
  3970 | D        | Reached skill level 21 in Stealth
  3972 | D        | Killed an azure jelly
  3973 | D        | Reached skill level 15 in Spellcasting
  3978 | D        | Noticed a death yak
  3978 | D        | Noticed a death yak
  3978 | D        | Mangled by an azure jelly

Illustrated notes

Levels and vault maps discovered:
D:        dungeon_sprint_mu [sprint_mu_entry_forest, sprint_mu_temple_rooms,
          sprint_mu_d1_spiders, sprint_mu_d2_genie, sprint_mu_d3_branching,
          sprint_mu_orc_legion, sprint_mu_elf_gauntlet, sprint_mu_hive_nellie,
          sprint_mu_lair_fedhas, sprint_mu_vaults_butterflies,
          sprint_mu_slime_circle, sprint_mu_shoals_archi,
          sprint_mu_snake_twists, sprint_mu_blade_basic,
          sprint_mu_crypt_chambers, sprint_mu_tomb_spiral,
          sprint_mu_vestibule_basic, sprint_mu_gehenna_hellfire,
          sprint_mu_dis_giant, sprint_mu_tartarus_statrot,
          sprint_mu_cocytus_islands, sprint_mu_zot1]

Skill      XL: |  1  2  3  4  5  6  7  8  9 10 11 |
---------------+----------------------------------+-----
Stealth        | 10 11 13 15 16 17 18 19 20 21 | 21.1
Short Blades   | 5 7 9 10 | 10.0
Dodging        | 7 9 11 13 14 15 | 15.4
Spellcasting   | 6 8 10 11 13 15 | 15.2
Hexes          | 7 8 10 11 12 13 | 13.5
Necromancy     | 3 6 9 |  9.1
Fighting       | 3 6 8 |  8.4

Action                   |  1- 3 |  4- 6 |  7- 9 | 10-12 || total
-------------------------+-------+-------+-------+-------++-------
Melee: Dagger            |    24 |     5 |    42 |    65 ||   136
 Cast: Ensorcelled Hiber |     4 |     2 |    16 |     9 ||    31
       Confusing Touch   |       |     1 |     6 |     9 ||    16
       Dazzling Flash    |       |       |       |     3 ||     3
       Animate Dead      |       |       |       |     1 ||     1
  Use: Potion            |     5 |     1 |     1 |     3 ||    10
 Stab: Sleeping          |     4 |     3 |    13 |     6 ||    26
       Confused          |       |       |     6 |    12 ||    18
       Invisible         |       |       |       |     3 ||     3
Armor: Robe              |     1 |       |       |       ||     1
Dodge: Dodged            |    19 |       |    19 |    47 ||    85
